 Dungeon Crawl Stone Soup version 0.29-a0-271-gd4eb659eea (webtiles) character file.

Game seed: 12290261275431167592

9 spaghetti the Sneak (level 2, 25/28 HPs)
             Began as a Deep Dwarf Delver on Mar 8, 2022.
             Quit the game on level 5 of the Dungeon.
             The game lasted 00:00:22 (25 turns).

spaghetti the Sneak (Deep Dwarf Delver)               Turns: 25, Time: 00:00:22

Health: 25/28      AC:  3    Str: 15    XL:     2   Next: 6%
Magic:  2/2        EV: 12    Int: 10    God:
Gold:   7          SH:  0    Dex: 14    Spells: 1/1 levels left

rFire   . . .      SeeInvis .   a - +0 mace {mace}
rCold   . . .      Faith    .   (no shield)
rNeg    . . .      Spirit   .   b - +0 leather armour
rPois   .          Reflect  .   (no helmet)
rElec   .          Harm     .   (no cloak)
rCorr   .          Rampage  .   (no gloves)
Will    .....                   (no boots)
Stlth   +++.......              (no amulet)
HPRegen 0.00/turn               (no ring)
MPRegen 0.08/turn               (no ring)

@: mildly poisoned (25 -> 25)
A: damage resistance, heal wounds, sense surroundings 1, no regeneration
a: Heal Wounds


You were on level 5 of the Dungeon.
You visited 1 branch of the dungeon, and saw 1 of its levels.

You collected 7 gold pieces.


Innate Abilities, Weirdness & Mutations

You are resistant to damage.
You can heal yourself by infusing magical energy.
You passively map a small area around you.
You do not regenerate.


   Skills:
 + Level 3.3 Fighting
 - Level 2.0 Maces & Flails
 - Level 2.1 Dodging
 - Level 6.0 Stealth


You had one spell level left.
You didn't know any spells.
Your spell library was empty.

Inventory:

Hand Weapons
 a - a +0 mace (weapon) {mace}
Armour
 b - a +0 leather armour (worn)
Wands
 g - a wand of digging (3)
Scrolls
 c - a scroll of fog
 d - a scroll of magic mapping {!r}
 e - a scroll of fear
Potions
 f - a potion of haste {@q3}

Dungeon Overview and Level Annotations

Branches:
Dungeon (5/15)
 Temple: D:4-7

Altars:

Shops:
D:5

[ ...# #...# #..#
#...# #..# #...# #..#
#.?.# #..####...#
###########
#>##.....###..........
,
#.##.#................
#....#.......†........
#<...####.#...@.......
, , #...##
#.....∩....... **#####
####.......... *
#.......... , *
#.......... ,
########.## *, * .# ,
* * ***** # * , * * *
, ,,


There were no monsters in sight!


Message History

🤖 Initializing magus.rc ...
Options error: Delay interrupt name "hungry" not recognised. (~/.crawlrc:4761) Options error: Bad monster_list_colour key: strict_neutral (~/.crawlrc:4776) ✅ Successfully initialized magus.rc [v1.9.6] Welcome, spaghetti the Deep Dwarf Delver.
Below lies the Orb of Zot, rumoured to be powerful enough to resurrect a god...
Press ? for a list of commands and other information.
Found 7 gold pieces.
Found an escape hatch in the ceiling.
Found a stone staircase leading down.
Unknown command.
You now have 7 gold pieces.
An adder comes into view.
An adder is nearby!
An adder is nearby!
An adder is nearby!
Found Paghiemoi's Antique Armour Shoppe.
There is an entrance to Paghiemoi's Antique Armour Shoppe here.
An adder is nearby!
The adder bites you.
You are poisoned.
The adder poisons you! 😕 HP[-1]
You take 1 damage, and now have 19/20 hp.
You miss the adder. The adder bites you. The adder barely misses you. 😕 HP[-1]
You take 1 damage, and now have 18/20 hp.
You miss the adder. The adder misses you.
You miss the adder. The adder bites you.
You are more poisoned.
The adder poisons you! The adder misses you.
You hit the adder. The adder bites you but does no damage.
The adder closely misses you.
You hit the adder. The adder closely misses you.
You hit the adder.
You kill the adder!
Your Fighting skill increases to level 3!
You have reached level 2! 😕 HP[+7] MP[+1]
You now have 28 max hp (+8).
You regained 7 hp, and now have 25/28 hp.
Your mp is fully restored (2). 🤖 Initializing magus.rc ...
Options error: Delay interrupt name "hungry" not recognised. (~/.crawlrc:4761) Options error: Bad monster_list_colour key: strict_neutral (~/.crawlrc:4776) ✅ Successfully initialized magus.rc [v1.9.6] Welcome back, spaghetti the Deep Dwarf Delver.
Press ? for a list of commands and other information.
Unknown command.
Are you sure you want to abandon this character and quit the game? (Confirm with "yes".)

Skill      XL: |  1 |
---------------+----+-----
Fighting       | 3 |  3.3
Maces & Flails | |  2.0
Dodging        | |  2.1
Stealth        | |  6.0

Action                   || total
-------------------------++-------
Melee: Mace              ||     6
Armor: Leather armour    ||     1
Dodge: Dodged            ||     5

Levels and vault maps discovered:
D:5:      layout_basic, ebering_ghost_reflecting_pool, serial_shops,
          nicolae_take_the_stairs, shop, uniq_pikel

Notes
Turn   | Place    | Note
-------+----------+-------------------------------------------
     0 | D:5      | spaghetti the Deep Dwarf Delver began the quest for the
                  | Orb.
     0 | D:5      | Reached XP level 1. HP: 20/20 MP: 1/1
     0 | D:5      | magus.rc [v1.9.6]
    10 | D:5      | Found Paghiemoi's Antique Armour Shoppe.
    25 | D:5      | Reached skill level 3 in Fighting
    25 | D:5      | Reached XP level 2. HP: 25/28 MP: 2/2
    25 | D:5      | magus.rc [v1.9.6]
    25 | D:5      | Quit the game

Vanquished Creatures
  An adder (D:5)
1 creature vanquished.

Table legend:
 A = Non-vault XP
 B = Vault XP
 C = Vault XP percentage of total XP
 D = Non-vault monster count
 E = Vault monster count
 F = Vault count percentage of total count
                 A         B        C        D         E       F
            +---------+---------+-------+---------+---------+-------
      Total |      14 |       0 |   0.0 |       1 |       0 |   0.0
            +---------+---------+-------+---------+---------+-------
        D:5 |      14 |       0 |   0.0 |       1 |       0 |   0.0
            +---------+---------+-------+---------+---------+-------

Illustrated notes

Table legend:
 A = Kills in this place as a percentage of kills in entire the game.
 B = Kills by you in this place as a percentage of kills by you in the entire game.
 C = Kills by friends in this place as a percentage of kills by friends in the entire game.
 D = Other kills in this place as a percentage of other kills in the entire game.
 E = Experience gained in this place as a percentage of experience gained in the entire game.
 F = Experience gained in this place divided by the number of levels of this place that you have seen.
                   A       B       C       D       E      F
               +-------+-------+-------+-------+-------+----------------------
         Total | 100.0 | 100.0 |   N/A |   N/A | 100.0 |  14.0
       Dungeon | 100.0 | 100.0 |   N/A |   N/A | 100.0 |  14.0
               +-------+-------+-------+-------+-------+----------------------

Table legend: (Time is in decaauts)
 A = Elapsed time spent in this place.
 B = Non-inter-level travel time spent in this place.
 C = Inter-level travel time spent in this place.
 D = Time resting spent in this place.
 E = Time spent auto-exploring this place.
 F = Levels seen in this place.
 G = Mean time per level.
                   A        B        C        D        E       F      G
               +--------+--------+--------+--------+--------+-----+--------+
         Total |     26 |     26 |      0 |      0 |      9 |   1 |   26.0 |
       Dungeon |     26 |     26 |      0 |      0 |      9 |   1 |   26.0 |
               +--------+--------+--------+--------+--------+-----+--------+

Top non-repeatable levels by time:
     D:5: 26 daAuts
